 Dungeon Crawl Stone Soup version 0.31-a0-157-g0643eb4156 (webtiles) character file.

Game seed: 4501247005943682094

1792 qw the Cleaver (level 9, -4/56 HPs)
             Began as a Gargoyle Fighter on June 12, 2023.
             Slain by a manticore (13 damage)
             ... on level 7 of the Dungeon.
             The game lasted 00:02:44 (4830 turns).

qw the Cleaver (Gargoyle Fighter)                   Turns: 4830, Time: 00:02:44

Health: -4/56      AC: 21    Str: 24    XL:     9   Next: 9%
Magic:  9/9        EV:  7    Int:  7    God:
Gold:   135        SH:  4    Dex: 13    Spells: 8/8 levels left

rFire   . . .        Y - +1 war axe (flame)
rCold   + . .        c - +0 buckler
rNeg    + . .        o - +0 plate armour
rPois   inf          (helmet restricted)
rElec   +            n - +0 cloak
rCorr   .            g - +0 pair of gloves
SInv    .            (no boots)
Will    .....        (no amulet) Stlth
                     b - ring of protection from cold
HPRegen 0.29/turn    (no ring)
MPRegen 0.11/turn

%: no passive effects
@: about to teleport, spiked
A: sickness immunity, AC +6, negative energy resistance 1, electricity
resistance, torment resistance 1, petrification resistance, horns 1, agile 1
a: no special abilities


You were on level 7 of the Dungeon.
You visited 2 branches of the dungeon, and saw 8 of its levels.
You also visited: Sewer.

You collected 321 gold pieces.
You spent 186 gold pieces at shops.


Innate Abilities, Weirdness & Mutations

You are immune to sickness and miasma.
Your stone body is resilient. (AC +6)
You are immune to poison.
You resist negative energy. (rN+)
You are resistant to electric shocks. (rElec)
You are resistant to unholy torment.
You are immune to petrification.
You have a pair of small horns on your head.
You are agile. (Dex +4, Str/Int -1)


   Skills:
 - Level 6.3 Fighting
 + Level 8.8 Axes
 - Level 5.2 Armour
 - Level 1.4 Dodging
 - Level 3.2 Shields


You had 8 spell levels left.
You didn't know any spells.
Your spell library was empty.

Inventory:

Hand Weapons
 Y - a +1 war axe of flaming (weapon)
Armour
 c - a +0 buckler (worn)
 g - a +0 pair of gloves (worn)
 n - a +0 cloak (worn)
 o - a +0 plate armour (worn)
Jewellery
 b - a ring of protection from cold (left hand)
 l - the ring "Zahul" {Ice rPois rN+}
   (You found it on level 4 of the Dungeon)

   [ring of ice]

   It enhances your ice magic.
   rF:        It makes you vulnerable to fire.
   rC:        It protects you from cold.
   rPois:     It protects you from poison.
   rN:        It protects you from negative energy.
Scrolls
 k - 2 scrolls of teleportation
 p - a scroll of identify
Potions
 a - a potion of mutation
 d - 2 potions of might
 f - a potion of heal wounds
 h - a potion of curing
 i - a potion of lignification {unknown}
 m - a potion of brilliance {unknown}

Dungeon Overview and Level Annotations

Branches:
Dungeon (7/15)             Temple (1/1) D:5           Sewer (visited)

Altars:
Ashenzari
Cheibriados
Dithmenos
Elyvilon
Fedhas
Gozag
Hepliaklqana
Kikubaaqudgha
Sif Muna
Trog
Uskayaw
Vehumet
Xom
Yredelemnul
Zin

Shops:
D:4 *


Message History

The barbed spikes become lodged in your body.
The barbs in your skin will harm you if you move.
Continue?
A black bear comes into view.
The barbed spikes dig painfully into your body as you move.
The black bear growls angrily.
The manticore flicks its tail.
The volley of spikes hits you.
The barbed spikes become lodged in your body.
Found a book of Debilitation.
Found an escape hatch in the floor.
The barbed spikes dig painfully into your body as you move.
Enter note: The barbed spikes dig painfully into your body as you move.
The manticore bites you. The manticore closely misses you.
The manticore claws you but does no damage.
Enter note: You barely miss the manticore.
The manticore barely misses you. The manticore claws you.
The manticore barely misses you.
You barely miss the manticore. You headbutt the manticore.
The manticore is lightly wounded.
You closely miss the black bear. The black bear barely misses you.
You block the black bear's attack. The black bear closely misses you.
The manticore bites you.
The manticore claws you but does no damage.
The manticore claws you.
You barely miss the manticore.
You headbutt the manticore, but do no damage.
The manticore is lightly wounded.
You slash the black bear! You burn the black bear.
The manticore closely misses you.
The manticore claws you but does no damage. x2
The black bear bites you.
The black bear claws you but does no damage. x2
4830 ||| READING 3 scrolls of teleportation.
As you read the scroll of teleportation, it crumbles to dust.
You feel strangely unstable. You block the black bear's attack.
The black bear claws you.
The black bear claws you but does no damage.
The manticore bites you!
You die...

##........#
#.....:...#
#.........#
..........#
..>.......#
..
..........#
#.##
......Hh..#
#..#
#......@..#
..#
#......#..#
##.#
##...###..#
##... ###
##.# ##....
#.#
#####.....
#.#
#..#..##..
#.##
##....###..
#..###.....#
#..
#..##......#
#..


You could see a manticore and a black bear.

Vanquished Creatures
  Grinder (D:3)
  Eustachio (D:5)
  A sky beast (D:6)
  2 ogres
  A centaur (D:4)
  3 phantoms
  A kobold brigand (D:3)
  3 scorpions (D:5)
  3 jellies
  3 hounds
  Jessica (D:3)
  5 iguanas
  A sleepcap (D:5)
  A hound zombie (D:3)
  A hound skeleton (D:3)
  10 adders
  2 shadow imps
  2 ufetubi (D:5)
  An adder skeleton (D:3)
  2 adder zombies (D:3)
  5 worms
  3 dart slugs
  7 orcs
  5 ball pythons
  5 bats
  5 endoplasms
  6 giant cockroaches
  9 goblins
  6 hobgoblins
  16 jackals
  6 kobolds
  3 quokkas
  5 frilled lizards
  6 rats
132 creatures vanquished.

Notes
Turn   | Place    | Note
-------+----------+-------------------------------------------
     0 | D:1      | qw the Gargoyle Fighter began the quest for the Orb.
     0 | D:1      | Reached XP level 1. HP: 14/14 MP: 1/1
     0 | D:1      | 0 ||| qw: Version: 0.2-a-29-gc1b59c4
     0 | D:1      | 0 ||| qw: Game counter: 4108
     0 | D:1      | 0 ||| qw: Always use a shield: true
     0 | D:1      | 0 ||| qw: God list: Okawaru
     0 | D:1      | 0 ||| qw: Allow faded altars: false
     0 | D:1      | 0 ||| qw: Do Orc after D:15 true
     0 | D:1      | 0 ||| qw: Do second Lair branch before Depths: true
     0 | D:1      | 0 ||| qw: Lair rune preference: random
     0 | D:1      | 0 ||| qw: Plans: Normal, Zot:1-4, Slime:5, God:TSO, Crypt,
                  | Tomb, Abyss, Pan, Hells, Win
     0 | D:1      | 0 ||| PLANNING D:1-11
    14 | D:1      | 14 ||| Stepping ~*~*~tactically~*~*~ (stealth).
    27 | D:1      | Reached skill level 2 in Axes
    82 | D:1      | 82 ||| Stepping ~*~*~tactically~*~*~ (stealth).
    83 | D:1      | 83 ||| Stepping ~*~*~tactically~*~*~ (stealth).
    84 | D:1      | 84 ||| Stepping ~*~*~tactically~*~*~ (stealth).
    90 | D:1      | 90 ||| Stepping ~*~*~tactically~*~*~ (stealth).
   100 | D:1      | Reached XP level 2. HP: 16/19 MP: 2/2
   555 | D:1      | Reached skill level 3 in Axes
   647 | D:1      | Reached XP level 3. HP: 23/23 MP: 3/3
   763 | D:1      | 763 ||| READING scroll labelled HELIZU SIA.
   768 | D:1      | 768 ||| READING scroll labelled CAICANABLA.
   769 | D:1      | 769 ||| READING scroll labelled ITUMAU IMPER.
   770 | D:1      | 770 ||| READING scroll labelled RURURA QEIDACY.
   771 | D:1      | 771 ||| DROPPING +0 club.
  1032 | D:2      | Found a faded altar of an unknown god.
  1121 | D:2      | 1121 ||| Stepping ~*~*~tactically~*~*~ (stealth).
  1128 | D:2      | Found a broken altar of Ashenzari.
  1130 | D:2      | 1130 ||| Stepping ~*~*~tactically~*~*~ (hiding).
  1138 | D:2      | Reached XP level 4. HP: 25/28 MP: 4/4
  1310 | D:2      | 1310 ||| Stepping ~*~*~tactically~*~*~ (stealth).
  1646 | D:2      | 1646 ||| UPGRADING to +0 chain mail.
  1656 | D:2      | 1656 ||| DROPPING +0 scale mail.
  1657 | D:2      | 1657 ||| READING scroll labelled ZITUUG HIBLOL.
  1658 | D:2      | 1658 ||| READING scroll labelled HAOJUA SOSKEKI.
  1659 | D:2      | 1659 ||| READING scroll labelled EFUCA GID HUGH.
  1660 | D:2      | 1660 ||| READING scroll labelled XISOOCI ZECLIG.
  1741 | D:3      | Noticed a kobold brigand
  1749 | D:3      | Killed a kobold brigand
  1750 | D:3      | Reached skill level 4 in Axes
  1750 | D:3      | Reached XP level 5. HP: 31/32 MP: 5/5
  1799 | D:3      | Noticed Jessica
  1812 | D:3      | Killed Jessica
  1813 | D:3      | Reached skill level 5 in Axes
  1813 | D:3      | 1813 ||| FLEEEEING.
  1818 | D:3      | HP: 7/32 [worm (5)]
  1819 | D:3      | 1819 ||| READING scroll of teleportation.
  1825 | D:3      | HP: 8/32 [adder (1)]
  2134 | D:3      | 2134 ||| Stepping ~*~*~tactically~*~*~ (hiding).
  2140 | D:3      | Noticed Grinder
  2141 | D:3      | 2141 ||| Stepping ~*~*~tactically~*~*~ (hiding).
  2152 | D:3      | Paralysed by Grinder for 3 turns
  2161 | D:3      | Killed Grinder
  2162 | D:3      | Reached XP level 6. HP: 14/41 MP: 6/6
  2306 | D:3      | 2306 ||| Stepping ~*~*~tactically~*~*~ (stealth).
  2318 | D:3      | 2318 ||| Stepping ~*~*~tactically~*~*~ (stealth).
  2319 | D:3      | 2319 ||| Stepping ~*~*~tactically~*~*~ (stealth).
  2322 | D:3      | 2322 ||| Stepping ~*~*~tactically~*~*~ (stealth).
  2328 | D:3      | Reached XP level 7. HP: 45/45 MP: 7/7
  2385 | D:3      | 2385 ||| Stepping ~*~*~tactically~*~*~ (stealth).
  2395 | D:3      | 2395 ||| Stepping ~*~*~tactically~*~*~ (hiding).
  2411 | D:3      | 2411 ||| Stepping ~*~*~tactically~*~*~ (stealth).
  2413 | D:3      | 2413 ||| Stepping ~*~*~tactically~*~*~ (stealth).
  2570 | D:3      | 2570 ||| READING scroll labelled XARELI AMUEGG.
  2601 | D:3      | 2601 ||| DRINKING 2 sedimented purple potions.
  2601 | D:3      | Gained mutation: You have a pair of small horns on your
                  | head. [potion of mutation]
  2601 | D:3      | Gained mutation: You are agile. (Dex +4, Str/Int -1)
                  | [potion of mutation]
  2627 | D:4      | Reached skill level 1 in Dodging
  2666 | D:4      | 2666 ||| Stepping ~*~*~tactically~*~*~ (stealth).
  2765 | D:4      | Reached skill level 6 in Axes
  2765 | D:4      | 2765 ||| FLEEEEING.
  2769 | D:4      | 2769 ||| FLEEEEING.
  2792 | D:4      | 2792 ||| FLEEEEING.
  2793 | D:4      | 2793 ||| STAIRDANCE
  2817 | D:3      | 2817 ||| UPGRADING to ring of protection from cold.
  2854 | D:4      | 2854 ||| Stepping ~*~*~tactically~*~*~ (hiding).
  2866 | D:4      | 2866 ||| Stepping ~*~*~tactically~*~*~ (stealth).
  2878 | D:4      | 2878 ||| Stepping ~*~*~tactically~*~*~ (stealth).
  3005 | D:4      | Found Aral's Assorted Antiques.
  3014 | D:4      | 3014 ||| BUYING black potion (29 gold).
  3014 | D:4      | Bought a black potion for 29 gold pieces
  3014 | D:4      | 3014 ||| BUYING bubbling inky potion (29 gold).
  3014 | D:4      | Bought a bubbling inky potion for 29 gold pieces
  3014 | D:4      | 3014 ||| SHOPLISTING ring of protection from cold (825
                  | gold, have 153).
  3014 | D:4      | 3014 ||| BUYING ruby potion (29 gold).
  3014 | D:4      | Bought a ruby potion for 29 gold pieces
  3014 | D:4      | 3014 ||| BUYING scroll of teleportation (99 gold).
  3014 | D:4      | Bought a scroll of teleportation for 99 gold pieces
  3050 | D:4      | Identified the ring "Zahul" {Ice rPois rN+}
  3205 | D:4      | 3205 ||| UPGRADING to +0 pair of gloves.
  3210 | D:4      | 3210 ||| READING scroll labelled LYDAER JOPRIUM.
  3211 | D:4      | 3211 ||| DRINKING 2 black potions.
  3242 | D:5      | Entered Level 5 of the Dungeon
  3289 | D:5      | Reached XP level 8. HP: 51/51 MP: 8/8
  3359 | D:5      | Reached skill level 7 in Axes
  3384 | D:5      | Noticed Eustachio
  3403 | D:5      | Killed Eustachio
  3512 | D:5      | Reached skill level 8 in Axes
  3551 | D:5      | 3551 ||| FLEEEEING.
  3552 | D:5      | 3552 ||| FLEEEEING.
  3553 | D:5      | 3553 ||| FLEEEEING.
  3554 | D:5      | 3554 ||| FLEEEEING.
  3569 | D:5      | Reached skill level 6 in Fighting
  3899 | D:5      | Found a staircase to the Ecumenical Temple.
  3900 | D:5      | 3900 ||| PLANNING TEMPLE
  3900 | D:5      | 3900 ||| UPGRADING to +0 cloak.
  3905 | D:5      | 3905 ||| UPGRADING to +0 plate armour.
  3915 | D:5      | 3915 ||| DROPPING +0 chain mail.
  3916 | D:5      | 3916 ||| DROPPING +0 pair of gloves of stealth.
  3917 | D:5      | 3917 ||| READING scroll labelled YRUGAD VINWISA.
  3924 | Temple   | Entered the Ecumenical Temple
  4038 | Temple   | 4038 ||| PLANNING D:1-11
  4106 | D:6      | 4106 ||| PLANNING SEWER
  4111 | D:6      | 4111 ||| STAIRDANCE
  4194 | D:6      | Found a glowing drain.
  4219 | Sewer    | Entered a sewer
  4264 | D:6      | 4264 ||| PLANNING D:1-11
  4285 | D:6      | Identified the +1 rapier of Watchfulness {pain, rElec
                  | rCorr}
  4454 | D:6      | Reached XP level 9. HP: 56/56 MP: 9/9
  4713 | D:6      | 4713 ||| READING scroll labelled LYZEXZARUPERAK.
  4714 | D:6      | 4714 ||| READING 3 scrolls of identify.
  4714 | D:6      | 4714 ||| IDENTIFYING puce potion
  4715 | D:6      | 4715 ||| READING 2 scrolls of identify.
  4715 | D:6      | 4715 ||| IDENTIFYING bubbling inky potion
  4716 | D:6      | 4716 ||| DROPPING potion of degeneration.
  4823 | D:7      | Noticed a manticore
  4829 | D:7      | HP: 11/56 [black bear (5)]
  4830 | D:7      | 4830 ||| READING 3 scrolls of teleportation.
  4830 | D:7      | Slain by a manticore

Levels and vault maps discovered:
D:1:      dpeg_arrival_simpleton_a, layout_loops_ring,
          nicolae_figureground_pulse
D:2:      layout_basic, basic_altar, hellmonk_ecumenical_altar_inner_sanctum,
          serial_park_tiny_pond, chequers_hall_statues_y,
          kennysheep_generic_room_13
D:3:      layout_loops_ring, serial_undead, serial_undead_b, serial_undead_f,
          serial_undead_e, serial_undead_d, minmay_close_crescents,
          uniq_jessica, uniq_grinder
D:4:      layout_rooms, serial_shops, shop, grunt_ministairs_13, corexii_shack,
          minmay_misc_feat_doors
D:5:      minmay_evil_eye, layout_basic, minmay_temple_entry_enclosed_plants,
          uniq_eustachio
D:6:      layout_cave_pools, cheibrodos_sewer_entry_drain,
          minmay_misc_feat_encased, amethyst_killhole
D:7:      layout_cave_pods, mainiacjoe_overflow_catwalk
Temple:   nicolae_temple_superstar

Skill      XL: |  1  2  3  4  5  6  7  8 |
---------------+-------------------------+-----
Axes           | 2 3 4 5 6 8 |  8.8
Fighting       | 5 6 |  6.3
Dodging        | 1 |  1.4
Armour         | 5 |  5.2
Shields        | |  3.2

Action                     |  1- 3 |  4- 6 |  7- 9 || total
---------------------------+-------+-------+-------++-------
  Melee: War axe           |    94 |    88 |   197 ||   379
         Headbutt          |       |       |    33 ||    33
    Use: Scroll            |     4 |     5 |     7 ||    16
         Potion            |       |       |     2 ||     2
 Armour: Scale mail        |    43 |     7 |       ||    50
         Chain mail        |       |    41 |    81 ||   122
         Plate armour      |       |       |    31 ||    31
  Dodge: Dodged            |    35 |    26 |    66 ||   127
  Block: Buckler           |    21 |    12 |    35 ||    68

Table legend:
 A = Non-vault XP
 B = Vault XP
 C = Vault XP percentage of total XP
 D = Non-vault monster count
 E = Vault monster count
 F = Vault count percentage of total count
                 A         B        C        D         E       F
            +---------+---------+-------+---------+---------+-------
      Total |    1888 |     673 |  26.3 |     105 |      27 |  20.5
            +---------+---------+-------+---------+---------+-------
        D:1 |      35 |       0 |   0.0 |      21 |       0 |   0.0
        D:2 |      55 |       1 |   1.8 |      18 |       1 |   5.3
        D:3 |     197 |     412 |  67.7 |      20 |      11 |  35.5
        D:4 |     267 |      14 |   5.0 |      18 |       6 |  25.0
        D:5 |     777 |     217 |  21.8 |      19 |       3 |  13.6
        D:6 |     557 |      11 |   1.9 |       9 |       3 |  25.0
      Sewer |       0 |      18 | 100.0 |       0 |       3 | 100.0
            +---------+---------+-------+---------+---------+-------
